 Dungeon Crawl Stone Soup version 0.25-a0-346-g140ab784a8 (webtiles) character file.

Game seed: 5459174818154740283, levelgen mode: deterministic

180 Lavandula the Cudgeler (level 5, 0/41 HPs)
             Began as a Demonspawn Wanderer on Jan 1, 2020.
             Succumbed to an orc's poison
             ... on level 4 of the Dungeon.
             The game lasted 00:04:06 (3230 turns).

Lavandula the Cudgeler (Demonspawn Wanderer)        Turns: 3230, Time: 00:04:07

Health: 0/41       AC:  5    Str: 17 (20) XL:     5   Next: 33%
Magic:  5/5        EV: 10    Int:  9 (12) God:
Gold:   133        SH:  6    Dex: 11 (12) Spells: 4/4 levels left

rFire    . . .     SeeInvis .   a - +2 mace
rCold    . . .     Gourm    .   (no shield)
rNeg     . . .     Faith    .   h - +0 ring mail
rPois    .         Spirit   .   (no helmet)
rElec    .         Reflect  .   (no cloak)
rCorr    +         Harm     .   (no gloves)
MR       .....                  (no boots)
Stlth    +.........             (no amulet)
HPRegen  0.13/turn              o - ring of wizardry
MPRegen  0.09/turn              p - ring of resist corrosion

@: mighty, lethally poisoned (0 -> -9), berserk cooldown, flying, slowed, very
slow
A: large bone plates 2, sense surroundings 1, powered by death 1, evolution 1,
no potion heal 1
a: no special abilities


You were on level 4 of the Dungeon.
You were hungry.

You visited 1 branch of the dungeon, and saw 4 of its levels.

You collected 133 gold pieces.

Inventory:

Hand Weapons
 a - a +2 mace (weapon)
 b - a +0 spear
Armour
 d - a +0 robe
 h - a +0 ring mail (worn)
Jewellery
 o - a ring of wizardry (left hand)
 p - a ring of resist corrosion (right hand)
Scrolls
 e - 3 scrolls of remove curse
 g - a scroll of immolation
 j - a scroll of identify
 k - 2 scrolls of blinking
 l - a scroll of teleportation {unknown}
 r - 2 scrolls of fear {unknown}
 u - a scroll of amnesia {unknown}
 w - a scroll of random uselessness {unknown}
Potions
 c - 2 potions of lignification
 i - a potion of brilliance
 q - a potion of mutation
 s - a potion of might
 v - a potion of ambrosia {unknown}
Comestibles
 f - 8 rations


   Skills:
 - Level 3.0 Fighting
 + Level 4.8 Maces & Flails
 - Level 2.6 Polearms
 - Level 1.0 Armour
 - Level 1.0 Stealth
   Level 1.0 Evocations


You had 4 spell levels left.
You didn't know any spells.
Your spell library was empty.

Dungeon Overview and Level Annotations

Branches:
Dungeon (4/15)
 Temple: D:4-7

Altars:
Nemelex Xobeh
Ru
Trog


Innate Abilities, Weirdness & Mutations

You are mostly covered in large bone plates. (SH +6)
You regenerate a little health from kills.
You passively map a small area around you.
You evolve.
Potions are less effective at restoring your health.


Message History

Unknown command.
You feel a strong urge to attack something.
You feel sick.
You feel sick.
You feel your anger nearly subside.
You are no longer berserk.
You are exhausted.
You feel yourself slow down.
You feel sick.
* * * LOW HITPOINT WARNING * * *
You feel sick.
Okay, then.
There is a lethal amount of poison in your body!
It was a potion of degeneration.
There was something very wrong with that liquid.
You feel weakened.
You feel dopey.
You feel clumsy.
* * * LOW HITPOINT WARNING * * *
You feel sick.
It was a potion of flight.
You feel very buoyant.
You fly up into the air.
You die...

#..# ##.######## # #).......##
### ##.........# ###..
#.......(..# ##.... #.........#
#..... #.........# ##....
##.......## ##.⌠. ######
###..<@....#### #.._
###...>####........#..).######.⌠.
#.......##..##.....####....##..#.
........#..####...## ##......###
##........## ##.## #.......#
#####...## ### ##.......# ##..###
#........# ###..## #........#
##...## ##.......##


There were no monsters in sight!

Vanquished Creatures
  A worker ant (D:4)
  5 adders
  An ooze (D:1)
  A worm (D:3)
  3 dart slugs
  2 leopard geckos
  13 orcs
  6 bats
  5 giant cockroaches
  8 hobgoblins
  10 jackals
  10 kobolds
  2 quokkas (D:2)
  A ball python (D:3)
  3 frilled lizards
  5 goblins
  3 rats (D:1)
79 creatures vanquished.

Notes
Turn   | Place    | Note
-------+----------+-------------------------------------------
     0 | D:1      | Lavandula the Demonspawn Wanderer began the quest for the
                  | Orb.
     0 | D:1      | Lavandula set off with the following items: a +2 mace, a +0
                  | spear, a potion of lignification, a +0 robe, a ration
     0 | D:1      | Reached XP level 1. HP: 18/18 MP: 1/1
   281 | D:1      | Gained mutation: You regenerate a little health from kills.
                  | [demonic ancestry]
   281 | D:1      | Reached XP level 2. HP: 23/24 MP: 2/2
   289 | D:1      | Reached skill level 2 in Maces & Flails
   679 | D:1      | Gained mutation: You are partially covered in large bone
                  | plates. (SH +4) [demonic ancestry]
   679 | D:1      | Reached XP level 3. HP: 16/29 MP: 3/3
   971 | D:2      | Reached skill level 3 in Maces & Flails
  1496 | D:2      | Reached XP level 4. HP: 28/35 MP: 4/4
  1878 | D:3      | Reached skill level 4 in Maces & Flails
  2041 | D:3      | Found a bloodstained altar of Trog.
  2254 | D:3      | Gained mutation: You are mostly covered in large bone
                  | plates. (SH +6) [demonic ancestry]
  2254 | D:3      | Reached XP level 5. HP: 41/41 MP: 5/5
  2661 | D:4      | Gained mutation: You evolve. [potion of mutation]
  2661 | D:4      | Gained mutation: Potions are less effective at restoring
                  | your health. [potion of mutation]
  2661 | D:4      | Gained mutation: You passively map a small area around you.
                  | [potion of mutation]
  2740 | D:4      | Found a sacrificial altar of Ru.
  3112 | D:4      | Found a sparkling altar of Nemelex Xobeh.
  3229 | D:4      | HP: 1/41 [poisoned by an orc]
  3230 | D:4      | Succumbed to an orc's poison

Levels and vault maps discovered:
D:1:      wheals_arrival_linesprint, layout_basic
D:2:      layout_loops_corners
D:3:      layout_basic, bloody_trog
D:4:      layout_cave_pods, nemelex_xobeh_ov_fountains_minmay,
          nicolae_ru_path_of_blood, first_ration

Skill      XL: |  1  2  3  4 |
---------------+-------------+-----
Maces & Flails | 2 3 4 |  4.8
Fighting       | |  3.0
Polearms       | |  2.6
Armour         | |  1.0
Stealth        | |  1.0
Evocations     | |  1.0

Action                   |  1- 3 |  4- 6 || total
-------------------------+-------+-------++-------
Melee: Mace              |   148 |   119 ||   267
  Use: Scroll            |       |     5 ||     5
       Potion            |       |     5 ||     5
 Stab: Sleeping          |     1 |       ||     1
  Eat: Chunk             |     2 |     5 ||     7
Armor: Robe              |    13 |       ||    13
       Ring mail         |    46 |    26 ||    72
Dodge: Dodged            |   107 |    51 ||   158
Block: Other             |    17 |    22 ||    39

Table legend:
 A = Non-vault XP
 B = Vault XP
 C = Vault XP percentage of total XP
 D = Non-vault monster count
 E = Vault monster count
 F = Vault count percentage of total count
                 A         B        C        D         E       F
            +---------+---------+-------+---------+---------+-------
      Total |     258 |       0 |   0.0 |      79 |       0 |   0.0
            +---------+---------+-------+---------+---------+-------
        D:1 |      50 |       0 |   0.0 |      27 |       0 |   0.0
        D:2 |      58 |       0 |   0.0 |      17 |       0 |   0.0
        D:3 |     107 |       0 |   0.0 |      30 |       0 |   0.0
        D:4 |      43 |       0 |   0.0 |       5 |       0 |   0.0
            +---------+---------+-------+---------+---------+-------
